Match 47163236
Unlisted

Match 47163236
End
Construct Infanterie Kompanie
Selects Terror Battlegroup
MG 42 Machine Gun Team
Grenadier Squad
GrW 34 Mortar Team
Selects Machine Gun Camouflage
Construct Luftwaffe Kompanie
Selects Interrogate
Jäger Squad
Support Elements
MG 42 Machine Gun Team
Wirbelwind Flakpanzer
Jäger Squad
Medical Station
Selects No Quarter
Bombardiro Crocodilo
canga
Yoddha
Nester
Goldstein
kya100789
0
0

Comments sign in to comment!

No comments posted yet!